 Dungeon Crawl Stone Soup version 0.17.1-3-g152610e (webtiles) character file.

113188 moxian the Eclecticist (level 16, -2/95 HPs)
             Began as a Deep Elf Air Elementalist on May 1, 2016.
             Was a High Priest of Vehumet.
             Slain by a quicksilver dragon skeleton (13 damage)
             ... on level 1 of the Abyss on May 2, 2016.
             The game lasted 03:31:55 (40612 turns).

moxian the Eclecticist (Deep Elf Air Elementalist) Turns: 40612, Time: 03:31:55

Health: -2/95      AC: 13    Str:  7      XL:     16   Next: 13%
Magic:  2/38       EV: 23    Int: 28 (30) God:    Vehumet [*****.]
Gold:   1893       SH:  0    Dex: 13      Spells: 12 memorised, 3 levels left

rFire  + . .     SeeInvis .     G - staff of air
rCold  + . .     Clarity  .     Y - +2 robe {rC+}
rNeg   + + .     SustAt   .     (no shield)
rPois  .         Gourm    .     W - +2 helmet
rElec  +         Spirit   .     y - +1 cloak
rCorr  .         Warding  .     r - +0 pair of gloves
rMut   +         Stasis   .     R - +2 pair of boots of Makhleb's Fury {rN+ Str+2 Int+2}
MR     ++...                    q - amulet "Ewke" {rMut rF+ MR+ Dex-2}
Stlth  ++........               P - +4 ring of evasion
                                V - ring of positive energy

@: about to teleport, deflect missiles, very resistant to hostile enchantments,
unstealthy
A: no striking features
a: Renounce Religion


You were on level 1 of the Abyss.
You worshipped Vehumet.
Vehumet was extremely pleased with you.
You were very full.

You visited 7 branches of the dungeon, and saw 29 of its levels.
You visited the Abyss 1 time.
You also visited: Labyrinth and Volcano.

You collected 2511 gold pieces.
You spent 618 gold pieces at shops.

Inventory:

Hand Weapons
 a - the +3 mace of Intuition {crush, Str+3 Int+7}
   (You found it on level 1 of the Spider Nest)

   It inflicts extra damage upon your enemies.
   It affects your strength (+3).
   It affects your intelligence (+7).
Missiles
 b - 481 stones (quivered)
 U - 3 throwing nets
Armour
 r - a +0 pair of gloves (worn)
 y - a +1 cloak (worn)
 R - the +2 pair of boots of Makhleb's Fury (worn) {rN+ Str+2 Int+2}
   (You found it on level 9 of the Dungeon)

   It affects your strength (+2).
   It affects your intelligence (+2).
   It protects you from negative energy.
 W - a +2 helmet (worn)
 Y - a +2 robe of cold resistance (worn)
Magical Staves
 G - an uncursed staff of air (weapon)
Jewellery
 q - the amulet "Ewke" (around neck) {rMut rF+ MR+ Dex-2}
   (You found it on level 8 of the Lair of Beasts)

   [amulet of resist mutation]

   It protects you from mutation.
   It affects your dexterity (-2).
   It protects you from fire.
   It affects your resistance to hostile enchantments.
 J - an uncursed amulet of the gourmand
 N - an uncursed ring of protection from cold
 P - a +4 ring of evasion (right hand)
 V - a ring of positive energy (left hand)
Wands
 i - a wand of digging (19)
 o - a wand of teleportation (4)
 p - a wand of disintegration (11)
 F - a wand of draining (6)
 I - a wand of paralysis (12)
 L - a wand of fireball (7)
 M - a wand of fire (10)
 O - a wand of invisibility (4)
Scrolls
 g - 4 scrolls of enchant weapon
 j - 3 scrolls of blinking
 l - 5 scrolls of remove curse
 t - 2 scrolls of teleportation
 w - 4 scrolls of enchant armour
 A - a scroll of identify
 B - 3 scrolls of recharging
 E - 2 scrolls of magic mapping
 K - a scroll of vulnerability
 Q - 4 scrolls of fear
 S - a scroll of amnesia
 X - a scroll of holy word
Potions
 d - 2 potions of resistance
 e - 4 potions of magic
 m - 2 potions of agility
 s - 6 potions of flight
 u - a potion of brilliance
 C - 4 potions of haste
 D - 3 potions of curing
 Z - a potion of cancellation
Comestibles
 c - 14 bread rations
 h - 5 slices of pizza
 v - 30 fruits
 x - 11 meat rations
 z - 3 beef jerkies
 T - 9 royal jellies


   Skills:
 + Level 8.8 Fighting
 - Level 13.1 Dodging
 - Level 2.4 Stealth
 - Level 16.0 Spellcasting
 - Level 13.6 Conjurations
 - Level 2.4 Charms
 + Level 4.9 Summonings
 - Level 2.0 Translocations
 - Level 12.9 Air Magic
 - Level 11.3 Earth Magic
 - Level 6.3 Evocations


You had 3 spell levels left.
You knew the following spells:

 Your Spells              Type           Power        Failure   Level  Hunger
a - Shock                 Conj/Air       ####         0%          1    None
b - Stone Arrow           Conj/Erth      #####.       1%          3    None
c - Lightning Bolt        Conj/Air       #######...   1%          5    None
d - Bolt of Magma         Conj/Fire/Erth ####......   1%          5    None
e - Sandblast             Erth           #####.       1%          1    None
f - Deflect Missiles      Chrm/Air       #######...   17%         6    ###....
h - Sticky Flame          Conj/Fire      ######..     1%          4    None
i - Irradiate             Conj/Trmt      ######....   1%          5    None
j - Blink                 Tloc           N/A          1%          2    None
k - Static Discharge      Conj/Air       #######.     1%          3    None
l - Spellforged Servitor  Conj/Summ      ######....   13%         7    #####..
A - Swiftness             Chrm/Air       #######.     1%          2    None


Dungeon Overview and Level Annotations

Branches:
Dungeon (12/15)            Temple (1/1) D:6            Lair (8/8) D:10
 Shoals (1/4) Lair:4       Spider (2/4) Lair:5        Slime (1/6) Lair:7
    Orc (4/4) D:9             Elf (0/3) Orc:3

Altars:
Ashenzari
Cheibriados
Dithmenos
Elyvilon
Fedhas
Gozag
Kikubaaqudgha
Makhleb
Nemelex Xobeh
Okawaru
Qazlal
Ru
Sif Muna
Trog
Vehumet
Xom
Yredelemnul
Zin
The Shining One
Beogh
Jiyva

Shops:
D:4 [!   D:10 *   Orc:2 (   Orc:4 ?[*:?[   Shoals:1 %

Portals:
Pandemonium: Orc:4

Annotations:
D:4 exclusion: phantom
D:10 !unseen horror
Lair:8 exclusion: 3 doors
Spider:2 Jorgrun, Louise


Message History

The quicksilver dragon skeleton claws you but does no damage.
Casting: Bolt of Magma
Confirm with . or Enter, or press ? or * to list all spells.
Aiming: Bolt of Magma
Press: ? - help, Shift-Dir - straight line, f/p - quicksilver dragon skeleton
Aim: a quicksilver dragon skeleton You feel a numb sensation.
The bolt of magma misses the quicksilver dragon skeleton.
The bolt of magma hits the white imp.
The white imp is burned terribly!
You kill the white imp!
Vehumet accepts your kill.
You feel your power returning.
The quicksilver dragon skeleton completely misses you.
The quicksilver dragon skeleton claws you but does no damage.
Read which item? (? for menu, Esc to quit)
As you read the scroll of teleportation, it crumbles to dust.
You feel strangely unstable.
You feel the power of the Abyss delaying your translocation!
The quicksilver dragon skeleton bites you!
You die...

.#.....## ....
..#....# .§.......
#.#....### #§§.......
.##.....# ..5........
#.#....##.#.# .......
............# .......
..#........## .......
#..........###....)..
.... .....5.Z@.......
.##......##.......###
#...........#....#
.... ..5............
.......#............
...........K........
........##.4..#.... .
.... #.....#... #....
......


You could see a rust devil, a kobold demonologist, an iron imp, a white imp and
a quicksilver dragon skeleton.

Vanquished Creatures
  2 tentacled starspawn (Abyss:1)
  Maud (Lair:4)
  An emperor scorpion (Lair:5)
  A stone giant (Orc:3)
  Azrael (Orc:4)
  2 dire elephants (Lair:8)
  A merfolk impaler (Shoals:1)
  A minotaur (Lab)
  Josephine (Lair:8)
  An entropy weaver (Spider:1)
  6 hydras
  Erica (Lair:1)
  6 death yaks (Lair:8)
  5 orc high priests (Orc:4)
  A sun demon (Lair:8)
  Nergalle (Lair:4)
  A fire crab (Lair:8)
  2 sea snakes (Shoals:1)
  2 putrid demonspawn (Orc:4)
  An infernal demonspawn (Orc:4)
  An unseen horror (D:11)
  3 hill giants
  2 lindwurms
  A wizard (Lair:8)
  An ugly thing (D:11)
  An orb spider (Spider:1)
  A manticore (D:12)
  An oklob plant (Lair:7)
  A shining eye (Slime:1)
  A hornet (Spider:1)
  3 cyclopes
  5 wolf spiders
  11 elephants
  3 sixfirhies
  6 griffons
  8 orc sorcerers
  6 orc knights
  4 black mambas
  A moth of wrath (Spider:1)
  Maurice (D:9)
  A siren (Shoals:1)
  2 orange demons
  12 spiny frogs
  A centaur skeleton (D:12)
  3 fire drakes
  2 kobold demonologists (D:10)
  14 komodo dragons
  A red devil (Lair:8)
  A hellwing (Orc:4)
  6 trolls
  3 jumping spiders (Spider:1)
  45 blink frogs
  4 merfolk
  2 polar bears
  A blue devil (Lair:8)
  A queen bee (D:9)
  13 slime creatures
  A two-headed ogre (Volcano)
  A boulder beetle (Lair:8)
  14 redbacks (Spider:1)
  3 spriggans
  50 yaks
  A ynoxinul (Abyss:1)
  5 trapdoor spiders (Spider:1)
  A shadow (D:11)
  5 tarantellas (Spider:1)
  2 neqoxecs
  A hog (Volcano)
  7 wraiths
  6 wolves
  4 wyverns
  A basilisk (Lair:3)
  2 fire bats
  3 wargs
  Menkaure (D:7)
  11 hippogriffs
  A soldier ant (D:12)
  4 deep elf fighters (Volcano)
  25 water moccasins
  6 spiders
  7 porcupines
  33 orc warriors
  4 hell hounds
  2 small abominations (Abyss:1)
  A wasp (D:9)
  5 ogres
  2 black bears
  A necrophage (D:9)
  3 ice beasts
  6 centaurs
  4 sky beasts
  17 crocodiles
  3 big kobolds
  A brain worm (Lair:5)
  17 giant frogs
  A water moccasin zombie (D:9)
  2 scorpions
  25 killer bees
  3 electric eels (Lair:3)
  5 crimson imps
  5 wights
  2 wasp zombies
  A quasit (D:10)
  A giant frog zombie (D:5)
  4 hounds
  6 giant frog skeletons
  8 jellies
  47 orc priests
  28 orc wizards
  8 iguanas
  10 worker ants
  5 hell rats (Lair:8)
  A killer bee zombie (D:8)
  27 sheep
  2 hound zombies
  5 gnolls
  14 adders
  73 river rats
  2 shadow imps
  A white imp (Abyss:1)
  5 oozes
  6 worms
  2 adder skeletons
  194 orcs
  5 bats
  6 giant cockroaches
  6 goblins
  4 hobgoblins
  5 jackals
  12 kobolds
  3 quokkas
  A ball python (D:2)
  A ball python skeleton (D:4)
  5 giant geckos
  6 giant newts
  2 quokka skeletons
  5 rats
  2 fungi (Lair:7)
  5 plants
  3 starspawn tentacles (Abyss:1)
1036 creatures vanquished.

Vanquished Creatures (others)
  A water moccasin (Lair:8)
  An orc (Orc:4)
  3 bushes (Lair:8)
  34 fungi
  15 plants
  3 starspawn tentacles (Abyss:1)
  29 starspawn tentacle segments (Abyss:1)
86 creatures vanquished.

Grand Total: 1122 creatures vanquished

Notes
Turn   | Place    | Note
--------------------------------------------------------------
     0 | D:1      | moxian the Deep Elf Air Elementalist began the quest for the Orb.
     0 | D:1      | Reached XP level 1. HP: 10/10 MP: 6/6
   259 | D:1      | Reached XP level 2. HP: 6/15 MP: 0/8
   445 | D:1      | Learned a level 2 spell: Swiftness
   749 | D:1      | Reached XP level 3. HP: 19/19 MP: 8/10
   754 | D:1      | Learned a level 3 spell: Static Discharge
  1320 | D:2      | Found a burning altar of Makhleb.
  1328 | D:2      | Reached XP level 4. HP: 21/24 MP: 1/11
  1841 | D:3      | Reached skill level 4 in Spellcasting
  2166 | D:3      | Reached XP level 5. HP: 28/28 MP: 4/13
  2173 | D:3      | Learned a level 5 spell: Lightning Bolt
  2724 | D:4      | Found Namixaoc's Distillery.
  2759 | D:4      | Bought a potion of curing for 30 gold pieces
  2759 | D:4      | Bought 2 potions of heal wounds for 100 gold pieces
  2759 | D:4      | Bought a potion of poison for 10 gold pieces
  2759 | D:4      | Bought a potion of degeneration for 10 gold pieces
  2834 | D:4      | Reached XP level 6. HP: 32/32 MP: 9/14
  2857 | D:4      | Noticed a phantom
  3339 | D:4      | Reached skill level 5 in Air Magic
  3473 | D:4      | Found Qaceheoli's Armour Emporium.
  3672 | D:4      | Found a bloodstained altar of Trog.
  3672 | D:4      | Found a shimmering altar of Xom.
  3890 | D:5      | Entered Level 5 of the Dungeon
  3983 | D:5      | Reached skill level 5 in Conjurations
  3993 | D:4      | Reached skill level 5 in Spellcasting
  4204 | D:5      | Reached XP level 7. HP: 31/36 MP: 7/16
  4852 | D:5      | Found a white marble altar of Elyvilon.
  4930 | D:6      | Reached skill level 6 in Conjurations
  5082 | D:6      | Found a blossoming altar of Fedhas.
  5239 | D:6      | Found a deep blue altar of Sif Muna.
  5266 | D:6      | Found a staircase to the Ecumenical Temple.
  5642 | D:6      | Reached XP level 8. HP: 37/41 MP: 12/19
  5912 | D:6      | Found a glowing golden altar of the Shining One.
  6139 | D:7      | Noticed Menkaure
  6239 | D:7      | Found a viscous altar of Jiyva.
  6240 | D:7      | Reached skill level 7 in Conjurations
  6341 | D:7      | Killed Menkaure
  6397 | Temple   | Entered the Ecumenical Temple
  6452 | Temple   | Became a worshipper of Vehumet
  7023 | D:8      | Reached skill level 8 in Conjurations
  7076 | D:8      | Found a sacrificial altar of Ru.
  7134 | D:8      | Reached XP level 9. HP: 29/45 MP: 22/22
  7215 | D:8      | Reached * piety under Vehumet
  7215 | D:8      | Offered knowledge of Freeze by Vehumet.
  7218 | D:8      | Learned a level 1 spell: Freeze
  8221 | D:9      | Reached ** piety under Vehumet
  8242 | D:9      | Offered knowledge of Sandblast by Vehumet.
  8245 | D:9      | Learned a level 1 spell: Sandblast
  8301 | D:9      | Reached skill level 9 in Conjurations
  8441 | D:9      | Reached skill level 1 in Earth Magic
  8443 | D:9      | Found a roughly hewn altar of Beogh.
  8693 | D:9      | Found a staircase to the Orcish Mines.
  8899 | D:9      | Noticed Maurice
  8967 | D:9      | Killed Maurice
  9102 | D:9      | Learned a level 2 spell: Repel Missiles
  9258 | D:9      | Got a pair of pitted boots
  9450 | D:9      | Reached XP level 10. HP: 50/50 MP: 17/24
  9847 | D:9      | Offered knowledge of Stone Arrow by Vehumet.
  9853 | D:9      | Learned a level 3 spell: Stone Arrow
 10310 | D:9      | Reached *** piety under Vehumet
 10324 | D:8      | Reached skill level 10 in Conjurations
 11082 | D:9      | Reached skill level 5 in Dodging
 11082 | D:9      | Reached skill level 5 in Earth Magic
 11472 | D:10     | Entered Level 10 of the Dungeon
 11507 | D:10     | Offered knowledge of Sticky Flame by Vehumet.
 11580 | D:9      | Identified the +2 pair of boots of Makhleb's Fury {rN+ Str+2 Int+2} (You found it on level 9 of the Dungeon)
 11832 | D:10     | Reached skill level 10 in Air Magic
 12109 | D:10     | Reached XP level 11. HP: 48/54 MP: 8/26
 12294 | D:9      | Reached skill level 10 in Spellcasting
 12936 | D:11     | Killed an unseen horror
 13142 | D:11     | Noticed a hill giant
 13191 | D:11     | Killed a hill giant
 13206 | D:11     | Reached **** piety under Vehumet
 13229 | D:11     | Learned a level 4 spell: Sticky Flame
 13669 | D:11     | Offered knowledge of Irradiate by Vehumet.
 13925 | D:11     | Learned a level 5 spell: Irradiate
 13936 | D:12     | Found a labyrinth entrance.
 13960 | Lab      | Entered a labyrinth
 14076 | Lab      | Noticed a minotaur
 14176 | Lab      | Killed a minotaur
 14183 | Lab      | Got a slimy shortbow
 14211 | Lab      | Identified Ritaugolev's Tome of Creative Dislocation
 14236 | D:12     | Learned a level 2 spell: Blink
 14268 | D:12     | Reached skill level 11 in Spellcasting
 14408 | D:12     | Noticed a hill giant
 14443 | D:12     | Killed a hill giant
 14736 | D:12     | Reached skill level 10 in Earth Magic
 14764 | D:12     | Reached XP level 12. HP: 58/60 MP: 11/29
 14854 | D:11     | Noticed a hill giant
 14855 | D:11     | Killed a hill giant
 14855 | D:11     | Reached skill level 1 in Fighting
 15333 | D:10     | Found a staircase to the Lair.
 15370 | Lair:1   | Entered Level 1 of the Lair of Beasts
 15827 | Lair:1   | Noticed a seven-headed hydra
 15872 | Lair:1   | Killed a seven-headed hydra
 16073 | Lair:1   | Noticed Erica
 16077 | Lair:1   | Killed Erica
 16418 | Lair:1   | Reached skill level 12 in Spellcasting
 16601 | Lair:1   | Noticed a six-headed hydra
 16626 | Lair:1   | Killed a six-headed hydra
 17108 | Lair:2   | Reached skill level 1 in Translocations
 18533 | Lair:3   | Reached ***** piety under Vehumet
 18640 | Lair:3   | Offered knowledge of Fulminant Prism by Vehumet.
 19353 | Lair:3   | Reached XP level 13. HP: 68/70 MP: 24/31
 20031 | Lair:4   | Found a staircase to the Shoals.
 20198 | Lair:4   | Reached skill level 10 in Dodging
 20198 | Lair:4   | Reached skill level 13 in Spellcasting
 20433 | Lair:4   | Noticed Nergalle
 20450 | Lair:4   | Killed Nergalle
 20512 | Lair:4   | Noticed Maud
 20526 | Lair:4   | Killed Maud
 21919 | Lair:5   | Found a dark tunnel.
 22065 | Volcano  | Entered a volcano
 22083 | Volcano  | Offered knowledge of Bolt of Cold by Vehumet.
 22594 | Lair:5   | Found a hole to the Spider Nest.
 23537 | Lair:5   | Reached skill level 5 in Fighting
 24134 | Lair:6   | Reached skill level 14 in Spellcasting
 24321 | Lair:6   | Reached XP level 14. HP: 70/78 MP: 19/34
 25151 | Lair:7   | Reached skill level 1 in Evocations
 26001 | Lair:7   | Found a staircase to the Slime Pits.
 26205 | Lair:8   | Entered Level 8 of the Lair of Beasts
 26225 | Lair:8   | Offered knowledge of Bolt of Magma by Vehumet.
 26531 | Lair:8   | Identified a +4 rod of shadows (14/14) (You found it on level 8 of the Lair of Beasts)
 26934 | Lair:8   | Noticed Josephine
 27248 | Lair:8   | Killed Josephine
 27273 | Lair:8   | Learned a level 5 spell: Bolt of Magma
 28397 | Lair:8   | Found a burning altar of Makhleb.
 28433 | Lair:8   | Offered knowledge of Poison Arrow by Vehumet.
 28765 | Lair:8   | Got a pitted crystal amulet
 28767 | Lair:8   | Identified the amulet "Ewke" {rMut rF+ MR+ Dex-2} (You found it on level 8 of the Lair of Beasts)
 29485 | D:10     | Reached XP level 15. HP: 85/85 MP: 16/35
 29513 | D:10     | Reached skill level 15 in Spellcasting
 29721 | D:10     | Found Nuonuq's General Store.
 29959 | Orc:1    | Entered Level 1 of the Orcish Mines
 30649 | Orc:1    | Found a shimmering altar of Xom.
 31302 | Orc:3    | Found a staircase to the Elven Halls.
 31344 | Orc:3    | Reached ****** piety under Vehumet
 31651 | Orc:3    | Found a roughly hewn altar of Beogh.
 31654 | Orc:3    | Offered knowledge of Spellforged Servitor by Vehumet.
 31673 | Orc:3    | Learned a level 7 spell: Spellforged Servitor
 31959 | Orc:2    | Found Bynum's Antique Weapon Shop.
 32277 | Orc:4    | Entered Level 4 of the Orcish Mines
 32586 | Orc:4    | Noticed Azrael
 33073 | Orc:4    | Killed Azrael
 33320 | Orc:4    | Found Myezxiod's Magic Scroll Emporium.
 33329 | Orc:4    | Reached skill level 5 in Evocations
 33556 | Orc:4    | Bought a scroll of silence for 127 gold pieces
 33556 | Orc:4    | Bought a scroll of noise for 17 gold pieces
 33560 | Orc:4    | Bought a scroll of teleportation for 51 gold pieces
 33560 | Orc:4    | Bought a scroll of identify for 34 gold pieces
 33560 | Orc:4    | Bought a scroll of identify for 34 gold pieces
 33560 | Orc:4    | Bought a scroll of magic mapping for 59 gold pieces
 33574 | Orc:4    | Found Gulailaa's General Store.
 33577 | Orc:4    | Offered knowledge of Poisonous Cloud by Vehumet.
 33807 | Orc:4    | Found Vekusap's Magic Scroll Shoppe.
 33876 | Orc:4    | Bought a scroll of identify for 32 gold pieces
 33877 | Orc:4    | Bought a scroll of identify for 32 gold pieces
 33882 | Orc:4    | Bought a scroll of blinking for 82 gold pieces
 34244 | Orc:4    | Found Nonu's Antique Armour Shop.
 35205 | Orc:4    | Found Edasoxeu's Antique Armour Boutique.
 35205 | Orc:4    | Found Querrerch's Book Shop.
 35205 | Orc:4    | Found a one-way gate leading to the halls of Pandemonium.
 36330 | Lair:5   | Learned a level 6 spell: Deflect Missiles
 36460 | Shoals:1 | Entered Level 1 of the Shoals
 36615 | Shoals:1 | Reached skill level 1 in Charms
 36868 | Shoals:1 | Reached skill level 1 in Summonings
 36962 | Shoals:1 | Found Wiplia's Food Emporium.
 37262 | Slime:1  | Entered Level 1 of the Pits of Slime
 38181 | Slime:1  | Noticed an acid blob
 38335 | Spider:1 | Entered Level 1 of the Spider Nest
 38598 | Lair:5   | HP: 1/88 [emperor scorpion (13)]
 38601 | Lair:5   | Offered knowledge of Iron Shot by Vehumet.
 39395 | Spider:1 | Got a dazzling mace
 39396 | Spider:1 | Identified the cursed +3 mace of Intuition {crush, Str+3 Int+7} (You found it on level 1 of the Spider Nest)
 39759 | Spider:1 | Reached XP level 16. HP: 94/94 MP: 28/37
 40019 | Spider:1 | Reached skill level 16 in Spellcasting
 40274 | Spider:2 | Noticed Louise
 40275 | Spider:2 | Noticed Jorgrun
 40276 | Spider:2 | Cast into the Abyss (Louise)
 40279 | Abyss:1  | Found a corrupted altar of Lugonu.
 40323 | Abyss:1  | Noticed a tentacled starspawn
 40334 | Abyss:1  | Killed a tentacled starspawn
 40354 | Abyss:1  | Noticed a lich
 40470 | Abyss:1  | Noticed a tentacled starspawn
 40496 | Abyss:1  | Killed a tentacled starspawn
 40612 | Abyss:1  | Slain by a quicksilver dragon skeleton

Action                   |  1- 3 |  4- 6 |  7- 9 | 10-12 | 13-15 | 16-18 || total
-------------------------+-------+-------+-------+-------+-------+-------++-------
Melee: Quarterstaff      |       |    15 |    32 |    23 |    85 |       ||   155
       Hand axe          |       |       |    12 |       |       |       ||    12
 Cast: Shock             |    67 |   118 |   243 |   121 |    60 |       ||   609
       Static Discharge  |     4 |    14 |    50 |    40 |   127 |     3 ||   238
       Swiftness         |       |     2 |     4 |     4 |     8 |     1 ||    19
       Lightning Bolt    |       |       |    17 |    63 |   242 |    17 ||   339
       Sandblast         |       |       |    11 |     9 |     1 |       ||    21
       Stone Arrow       |       |       |       |   235 |   555 |    20 ||   810
       Repel Missiles    |       |       |       |     1 |     1 |       ||     2
       Sticky Flame      |       |       |       |     1 |    18 |     2 ||    21
       Blink             |       |       |       |     1 |     5 |     2 ||     8
       Freeze            |       |       |       |       |     4 |       ||     4
       Irradiate         |       |       |       |       |    14 |       ||    14
       Bolt of Magma     |       |       |       |       |    40 |     7 ||    47
       Deflect Missiles  |       |       |       |       |     1 |       ||     1
Evoke: Rod               |       |       |       |       |     1 |       ||     1
       Wand              |       |       |       |       |       |     1 ||     1
  Use: Potion            |       |       |     3 |     3 |     6 |     3 ||    15
       Scroll            |       |       |       |    21 |    15 |     3 ||    39
 Stab: Sleeping          |       |       |     1 |       |       |       ||     1
  Eat: Chunk             |     1 |     9 |    29 |    39 |    72 |     2 ||   152
       Beef jerky        |       |     1 |       |       |     1 |       ||     2
